 Dungeon Crawl Stone Soup version 0.27-a0-1065-ge809cff456 (webtiles) character file.

Game seed: 9180128132954108920

25 soylentgreeen202 the Magician (level 3, 0/28 HPs)
             Began as a Djinni Warper on Apr 21, 2021.
             Slain by an iguana (1 damage)
             ... on level 2 of the Dungeon on Apr 23, 2021.
             The game lasted 00:09:30 (1675 turns).

soylentgreeen202 the Magician (Djinni Warper)       Turns: 1675, Time: 00:09:31

Health: 0/28       AC:  3    Str: 11    XL:     3   Next: 6%
Gold:   72         EV: 11    Int: 14    God:
                   SH:  0    Dex: 12

rFire    + + .     SeeInvis .   a - +0 short sword
rCold    x . .     Faith    .   (no shield)
rNeg     . . .     Spirit   .   b - +0 leather armour
rPois    ∞         Reflect  .   (no helmet)
rElec    .         Harm     .   (no cloak)
rCorr    .         Rampage  .   (no gloves)
Will     .....                  (boots unavailable)
Stlth    +.........             (no amulet)
HPRegen  0.09/turn              (no ring)
MPRegen  0.00/turn              (no ring)

@: flying
A: fire resistance 2, cold vulnerability 1, float, innate caster, hp casting,
extra vitality 1
a: no special abilities


You were on level 2 of the Dungeon.
You visited 1 branch of the dungeon, and saw 2 of its levels.

You collected 72 gold pieces.

Inventory:

Hand Weapons
 a - a +0 short sword (weapon)
 c - a +2 whip of venom
Missiles
 e - 5 boomerangs of dispersal (quivered)
 f - 46 stones
Armour
 b - a +0 leather armour (worn)
Scrolls
 d - a scroll of blinking
 g - 2 scrolls of teleportation {unknown}
 h - a scroll of immolation {unknown}
 j - a scroll of amnesia {unknown}
Potions
 i - a potion of berserk rage {unknown}


   Skills:
 - Level 2.0 Fighting
 * Level 2.4 Short Blades
 - Level 1.0 Throwing
 + Level 1.6 Armour
 - Level 2.1 Dodging
 + Level 2.9 Spellcasting


You couldn't memorise any spells.
You knew the following spells:

 Your Spells              Type           Power      Damage    Failure   Level
a - Blink                 Tloc           N/A        N/A       13%         2
b - Lesser Beckoning      Tloc           5%         N/A       26%         3
c - Gell's Gravitas       Tloc           5%         N/A       26%         3
d - Teleport Other        Tloc           10%        N/A       26%         3
e - Manifold Assault      Tloc           10%        N/A       93%         5
f - Apportation           Tloc           20%        N/A       9%          1
Your spell library was empty.

Dungeon Overview and Level Annotations

Branches:
Dungeon (2/15)

Altars:


Innate Abilities, Weirdness & Mutations

You are immune to poison.
Your flesh is very heat resistant. (rF++)
You are vulnerable to cold. (rC-)
You float through the air rather than walking.
You learn spells naturally, not from books.
Your magical power is your life essence.
You have superior vitality. (+4 HP)


Message History

HP restored.
An iguana comes into view.
The iguana hisses angrily.
Found 6 gold pieces.
A rat comes into view.
A worm comes into view.
You hit the iguana.
The iguana is moderately wounded.
The iguana bites you.
Your leather armour prevents you from hitting the iguana.
The iguana is moderately wounded.
The iguana bites you!
You hit the iguana but do no damage.
The iguana is moderately wounded.
The iguana closely misses you.
You closely miss the iguana.
The iguana is moderately wounded.
The iguana barely misses you.
You closely miss the iguana.
The iguana is moderately wounded.
The iguana closely misses you.
You closely miss the iguana.
The iguana is moderately wounded.
The iguana closely misses you.
You hit the iguana but do no damage.
The iguana is moderately wounded.
The iguana bites you!
* * * LOW HITPOINT WARNING * * *
Cast which spell? (? or * to list)
Okay, then.
Cast which spell? (? or * to list)
You blink.
* * * LOW HITPOINT WARNING * * *
Casting: Blink (safe; 13% risk of failure)
Confirm with . or Enter, or press ? or * to list all spells.
You blink.
* * * LOW HITPOINT WARNING * * *
The rat bites you.
* * * LOW HITPOINT WARNING * * *
The iguana bites you.
You die...

###..†.#####.####...
#...#### #.#....#
##.### ##.>.# ###..#
###..### ##..##
##....#
#[.########†.##.#
#........<..###.#
..############.l###
### #.....@.# #
#.....r.# #
#......w# #
######.## # #.. ....
##..$. #..... #.


You could see a worm, an iguana and a rat.

Vanquished Creatures
  An endoplasm (D:2)
  2 giant cockroaches (D:2)
  4 goblins
  A hobgoblin (D:1)
  4 kobolds (D:1)
  5 ball pythons
  5 bats
  2 frilled lizards (D:1)
24 creatures vanquished.

Notes
Turn   | Place    | Note
-------+----------+-------------------------------------------
     0 | D:1      | soylentgreeen202 the Djinni Warper began the quest for the
                  | Orb.
     0 | D:1      | Reached XP level 1. HP: 18/18 MP: 0/0
   543 | D:1      | Reached skill level 1 in Throwing
   560 | D:1      | Upgraded the game from 0.27-a0-1051-g288ea87c7c to
                  | 0.27-a0-1065-ge809cff456
   720 | D:1      | Reached XP level 2. HP: 23/23 MP: 0/0
  1533 | D:2      | Reached XP level 3. HP: 18/28 MP: 0/0
  1533 | D:2      | Learned a level 1 spell: Apportation
  1675 | D:2      | HP: 1/28 [rat (3)]
  1675 | D:2      | Slain by an iguana

Illustrated notes

Levels and vault maps discovered:
D:1:      dpeg_arrival_short_road, layout_loops_ring, item_on_display_a
D:2:      layout_rooms

Skill      XL: |  1 |
---------------+----+-----
Throwing       | 1 |  1.0
Short Blades   | 2 |  2.4
Fighting       | |  2.0
Armour         | |  1.6
Dodging        | |  2.1
Spellcasting   | |  2.9

Action                   || total
-------------------------++-------
Melee: Short sword       ||    95
       Whip              ||    12
 Cast: Blink             ||     2
Armor: Leather armour    ||    35
Dodge: Dodged            ||    68

Table legend: (Time is in decaauts)
 A = Elapsed time spent in this place.
 B = Non-inter-level travel time spent in this place.
 C = Inter-level travel time spent in this place.
 D = Time resting spent in this place.
 E = Time spent auto-exploring this place.
 F = Levels seen in this place.
 G = Mean time per level.
                   A        B        C        D        E       F      G
               +--------+--------+--------+--------+--------+-----+--------+
         Total |   1674 |   1613 |     61 |    814 |    318 |   2 |  837.0 |
       Dungeon |   1674 |   1613 |     61 |    814 |    318 |   2 |  837.0 |
               +--------+--------+--------+--------+--------+-----+--------+

Top non-repeatable levels by time:
     D:1: 1462 daAuts
     D:2: 211 daAuts
